 Dungeon Crawl Stone Soup version 0.30-a0-632-g346586fe48 (webtiles) character file.

Game seed: 1507197875966641884

198 Newt the Trooper (level 5, -2/42 HPs)
             Began as a Demonspawn Gladiator on Jan 13, 2023.
             Killed from afar by Pikel (3 damage)
             ... with a puff of flame
             ... on level 6 of the Dungeon.
             The game lasted 00:02:40 (2371 turns).

Newt the Trooper (Demonspawn Gladiator)             Turns: 2371, Time: 00:02:41

Health: -2/42      AC:  7    Str: 16    XL:     5   Next: 47%
Magic:  5/5        EV: 10    Int: 10    God:
Gold:   42         SH:  9    Dex: 14    Spells: 4/4 levels left

rFire   . . .      SeeInvis +    f - +3 broad axe (elec)
rCold   . . .      Faith    .    q - +2 kite shield
rNeg    . . .      Spirit   .    A - +1 leather armour of Piugile {SInv}
rPois   .          Reflect  .    c - +0 helmet
rElec   .          Harm     .    y - +1 cloak
rCorr   .          Rampage  .    (no gloves)
Will    .....                    (no boots)
Stlth   ++                       (no amulet)
HPRegen 0.27/turn                (no ring)
MPRegen 0.09/turn                (no ring)

@: no status effects
A: hooves 1, demonic guardian 1, demonic magic 1
a: no special abilities


You were on level 6 of the Dungeon.
You visited 1 branch of the dungeon, and saw 4 of its levels.

You collected 120 gold pieces.
You spent 78 gold pieces at shops.

Inventory:

Hand Weapons
 a - a +0 rapier
 f - a +3 broad axe of electrocution (weapon)
Missiles
 d - 3 throwing nets (quivered)
 e - a javelin
 g - 10 poisoned darts
Armour
 b - a +0 leather armour
 c - a +0 helmet (worn)
 m - a +0 cloak
 q - a +2 kite shield (worn)
 y - a +1 cloak (worn)
 A - the +1 leather armour of Piugile (worn) {SInv}
   (You found it on level 3 of the Dungeon)

   SInv:      It lets you see invisible.
Scrolls
 h - a scroll of amnesia {unknown}
 i - a scroll of fear {unknown}
 j - a scroll of magic mapping {unknown}
 l - a scroll of enchant armour {unknown}
 n - a scroll of silence {unknown}
 o - a scroll of poison {unknown}
 u - 2 scrolls of teleportation
 v - 2 scrolls of fog {unknown}
 x - a scroll of noise {unknown}
 B - a scroll of identify
 C - a scroll of enchant weapon
Potions
 k - a potion of might
 p - a potion of flight {unknown}
 r - a potion of resistance
 s - a potion of berserk rage {unknown}
 t - 2 potions of haste {unknown}
 w - a potion of brilliance {unknown}
 z - 2 potions of curing {unknown}
 D - a potion of attraction {unknown}


   Skills:
 - Level 4.0 Fighting
 - Level 2.6 Short Blades
 + Level 2.1 Axes
 - Level 1.7 Throwing
 - Level 2.6 Dodging
 - Level 3.0 Stealth


You had 4 spell levels left.
You didn't know any spells.
Your spell library contained the following spells:

 Spells                   Type           Power      Damage    Failure   Level
 Freeze                   Ice            0%         1d3       86%         1
 Frozen Ramparts          Ice            0%         1d1       99%         3
 Hailstorm                Conj/Ice       0%         3d3       99%         3
 Vhi's Electric Charge    Tloc/Air       0%         N/A       99%         3
 Arcjolt                  Conj/Air       0%         1d10      100%        5
 Maxwell's Capacitive Co  Air            0%         ∞         100%        8


Dungeon Overview and Level Annotations

Branches:
Dungeon (3/15)

Altars:

Shops:
D:2 *

Annotations:
D:6 Pikel


Innate Abilities, Weirdness & Mutations

You have large cloven feet.
A weak demonic guardian rushes to your aid.
Spells you cast may paralyse adjacent enemies.


Message History

* * * LOW HITPOINT WARNING * * *
You swap places.
Pikel hits your iron imp with a +1 whip of flaming.
Your iron imp hits Pikel!
Throw: 13 darts (poison)
Press: ? - help, Shift-Dir - straight line, f - Pikel
Aim: Pikel, wielding a +1 whip of flaming, wearing a +1 robe of willpower and carrying a wand of flame (22) (moderately wounded, ally target, 53% to hit)
You throw a poisoned dart.
Your demonic guardian avoids your attack.
The poisoned dart hits Pikel.
Pikel is poisoned.
Pikel is moderately wounded.
Pikel hits your iron imp with a +1 whip of flaming!
Your iron imp completely misses Pikel.
Pikel hits your iron imp with a +1 whip of flaming.
Your iron imp dies!
Your iron imp disappears in a puff of smoke!
Throw: 12 darts (poison)
Press: ? - help, Shift-Dir - straight line, f/p - Pikel
Aim: Pikel, wielding a +1 whip of flaming, wearing a +1 robe of willpower and carrying a wand of flame (22) (moderately wounded, poisoned, ally target, 53% to hit)
You throw a poisoned dart. The poisoned dart hits Pikel.
Pikel looks even sicker.
Pikel is moderately wounded.
Pikel zaps a wand.
The puff of flame hits you.
* * * LOW HITPOINT WARNING * * *
A demonic guardian appears!
You swap places.
Pikel zaps a wand.
The puff of flame hits your shadow imp!
That's the wrong kind of item! (Use * to select it.) Fire/throw/use which item? ([*] to toss any item) (? for menu, Esc to quit)
Okay, then.
Throw: 11 darts (poison)
Press: ? - help, Shift-Dir - straight line, f/p - Pikel
Aim: Pikel, wielding a +1 whip of flaming, wearing a +1 robe of willpower and carrying a wand of flame (20) (moderately wounded, very poisoned, ally target, 53% to hit)
You throw a poisoned dart.
Your demonic guardian avoids your attack.
The poisoned dart hits Pikel.
Pikel looks even sicker.
Pikel is moderately wounded.
Pikel zaps a wand.
The puff of flame misses your shadow imp.
The puff of flame hits you.
You die...

######...##
...#.....##
###........##########
#...................#
#.#........###.####.#
#.#.#.....###...##
.##.#.##...###.....#
......###.## ##.5.##
###.### ### ##@## #.#
#.# ###.### #5#
......###### #K#
###........# #555# #
#........# #..5..# #
##...###.##.......#
####.......#.........#
...........+.........+


You could see Pikel (very poisoned, ally target), 4 lemures, a friendly quasit
(summoned) and a friendly shadow imp (summoned).

Vanquished Creatures
  Crazy Yiuf (D:2)
  An iguana (D:6)
  An orc wizard (D:3)
  Robin (D:2)
  3 adders
  A gnoll (D:1)
  A white imp (D:6)
  3 orcs (D:3)
  3 ball pythons
  6 endoplasms
  13 goblins
  5 hobgoblins
  3 jackals (D:1)
  5 kobolds
  5 quokkas
  2 bats
  4 frilled lizards
  4 rats
62 creatures vanquished.

Vanquished Creatures (others)
  2 plants (D:1)
2 creatures vanquished.

Grand Total: 64 creatures vanquished

Notes
Turn   | Place    | Note
-------+----------+-------------------------------------------
     0 | D:1      | Newt the Demonspawn Gladiator began the quest for the Orb.
     0 | D:1      | Reached XP level 1. HP: 16/16 MP: 1/1
   135 | D:1      | Reached skill level 1 in Stealth
   185 | D:1      | Gained mutation: You have large cloven feet. [demonic
                  | ancestry]
   185 | D:1      | Reached XP level 2. HP: 9/22 MP: 2/2
   615 | D:1      | Gained mutation: Spells you cast may paralyse adjacent
                  | enemies. [demonic ancestry]
   615 | D:1      | Reached XP level 3. HP: 27/27 MP: 3/3
   993 | D:2      | Identified a scroll of acquirement
   993 | D:2      | Acquired a +1 broad axe of electrocution
  1076 | D:2      | Noticed Robin
  1085 | D:2      | Killed Robin
  1295 | D:2      | Reached skill level 3 in Fighting
  1295 | D:2      | Gained mutation: A weak demonic guardian rushes to your
                  | aid. [demonic ancestry]
  1295 | D:2      | Reached XP level 4. HP: 23/35 MP: 4/4
  1359 | D:2      | Found Xoalomn's Assorted Antiques.
  1362 | D:2      | Bought a scroll labelled VUC ALERIE for 26 gold pieces
  1362 | D:2      | Bought a scroll labelled XAAMAT CIAGH for 26 gold pieces
  1366 | D:2      | Bought a scroll labelled VUC ALERIE for 26 gold pieces
  1593 | D:2      | Found a runed translucent door.
  1594 | D:2      | Noticed Crazy Yiuf
  1886 | D:2      | Killed Crazy Yiuf
  1988 | D:3      | Reached skill level 4 in Fighting
  1988 | D:3      | Reached XP level 5. HP: 32/42 MP: 5/5
  2046 | D:3      | Reached skill level 1 in Axes
  2124 | D:3      | Found a faded altar of an unknown god.
  2126 | D:3      | Identified the +1 leather armour of Piugile {SInv}
  2199 | D:3      | You fall into a shaft and drop 3 floors!
  2357 | D:6      | Noticed Pikel
  2357 | D:6      | Noticed a lemure
  2357 | D:6      | Noticed a lemure
  2357 | D:6      | Noticed a lemure
  2357 | D:6      | Noticed a lemure
  2369 | D:6      | HP: 1/42 [Pikel/puff of flame (6)]
  2371 | D:6      | Killed from afar by Pikel

Illustrated notes

Levels and vault maps discovered:
D:1:      dpeg_arrival_water_temple_mockup, layout_basic, nicolae_grassy_gnolls
D:2:      minmay_general_purpose_star, layout_loops_ring, serial_shops,
          nicolae_shop_behind_doors, uniq_crazy_yiuf_cottage, uniq_robin
D:3:      layout_basic, dreamdust_ecumenical_altar_grove, grunt_decor_clamped,
          wad_floor_pattern_untrapped
D:6:      minmay_bubble_buster, layout_loops_corners,
          minmay_misc_feat_more_columns, uniq_pikel

Skill      XL: |  1  2  3  4  5 |
---------------+----------------+-----
Stealth        | 1 2 3 |  3.0
Fighting       | 3 4 |  4.0
Axes           | 2 |  2.1
Short Blades   | |  2.6
Throwing       | |  1.7
Dodging        | |  2.6

Action                   |  1- 3 |  4- 6 || total
-------------------------+-------+-------++-------
Melee: Rapier            |    56 |       ||    56
       Kick              |    12 |     7 ||    19
       Broad axe         |    38 |    48 ||    86
Throw: Javelin           |     1 |       ||     1
       Dart              |     4 |     3 ||     7
       Throwing net      |     1 |       ||     1
  Use: Scroll            |     1 |     5 ||     6
 Stab: Sleeping          |     3 |     2 ||     5
       Distracted        |       |     1 ||     1
Armor: Leather armour    |    38 |    12 ||    50
Dodge: Dodged            |    53 |    15 ||    68
Block: Kite shield       |    26 |    22 ||    48

Table legend: (Time is in decaauts)
 A = Elapsed time spent in this place.
 B = Non-inter-level travel time spent in this place.
 C = Inter-level travel time spent in this place.
 D = Time resting spent in this place.
 E = Time spent auto-exploring this place.
 F = Levels seen in this place.
 G = Mean time per level.
                   A        B        C        D        E       F      G
               +--------+--------+--------+--------+--------+-----+--------+
         Total |   2441 |   2301 |    140 |      0 |   1829 |   4 |  610.2 |
       Dungeon |   2441 |   2301 |    140 |      0 |   1829 |   4 |  610.2 |
               +--------+--------+--------+--------+--------+-----+--------+

Top non-repeatable levels by time:
     D:2: 1034 daAuts
     D:1: 995 daAuts
     D:3: 231 daAuts
     D:6: 178 daAuts
